 Dungeon Crawl Stone Soup version 0.20.0-15-g7f486f2 (webtiles) character file.

83295 iamgrull the Scorcher (level 15, -27/72 HPs)
             Began as a Deep Elf Conjurer on June 21, 2017.
             Was a High Priest of Sif Muna.
             Hit by a large rock thrown by a stone giant (42 damage)
             ... on level 2 of the Orcish Mines.
             The game lasted 03:02:28 (35627 turns).

iamgrull the Scorcher (Deep Elf Conjurer)          Turns: 35627, Time: 03:02:29

Health: -27/72     AC: 14    Str: 11    XL:     15   Next: 31%
Magic:  34/44      EV: 12    Int: 30    God:    Sif Muna [*****.]
Gold:   1550       SH:  0    Dex: 15    Spells: 7/43 levels left

rFire    + . .     SeeInvis +   K - staff of energy
rCold    . . .     Gourm    +   (no shield)
rNeg     . . .     Faith    .   X - +0 troll leather armour
rPois    .         Spirit   .   B - +2 helmet {SInv}
rElec    +         Reflect  .   v - +0 cloak
rCorr    .         Harm     .   (no gloves)
MR       +....                  C - +2 pair of boots
Stlth    ++........             b - amulet of the gourmand
Regen    0.7/turn               Q - +5 ring of intelligence
MPRegen  0.3/turn               m - ring "Utresch" {rElec MP+9 AC+3 Str+6 Int-2}

@: divine energy
A: fire resistance 1, sense surroundings 1
a: Stop Divine Energy, Channel Magic, Forget Spell, Renounce Religion


You were on level 2 of the Orcish Mines.
You worshipped Sif Muna.
Sif Muna was extremely pleased with you.
You were completely stuffed.

You visited 5 branches of the dungeon, and saw 24 of its levels.
You also visited: Ossuary.

You collected 2223 gold pieces.
You spent 673 gold pieces at shops.

Inventory:

Armour
 p - a cursed +0 robe
 v - a +0 cloak (worn)
 B - a +2 helmet of see invisible (worn)
 C - a +2 pair of boots (worn)
 X - a +0 troll leather armour (worn)
Magical Staves
 K - an uncursed staff of energy (weapon)
Jewellery
 b - an amulet of the gourmand (around neck)
 m - the ring "Utresch" (right hand) {rElec MP+9 AC+3 Str+6 Int-2}
   (You found it on level 2 of the Lair of Beasts)

   [ring of protection]

   It affects your AC (+3).
   It affects your strength (+6).
   It affects your intelligence (-2).
   It insulates you from electricity.
   It affects your magic capacity (+9).
 Q - a +5 ring of intelligence (left hand)
Wands
 n - a wand of acid (7/15)
 H - a wand of digging (9/24)
Scrolls
 e - 4 scrolls of teleportation
 f - a scroll of immolation
 j - a scroll of recharging
 k - a scroll of enchant armour {unknown}
 y - a scroll of silence
 M - a scroll of fear
 R - 3 scrolls of torment
Potions
 g - 6 potions of brilliance
 i - 2 potions of resistance
 l - 3 potions of heal wounds
 o - 9 potions of curing
 s - 2 potions of cancellation
 u - 4 potions of lignification
 O - 2 potions of magic
Books
 h - Sif Muna's Tome of Lightness
   (Sif Muna gifted it to you on level 15 of the Dungeon)

   Spells                             Type                      Level
   a - Poisonous Vapours              Poison/Air                   2
   b - Mephitic Cloud                 Conjuration/Poison/Air       3
   c - Airstrike                      Air                          4
   d - Silence                        Hexes/Air                    5
   e - Chain Lightning                Conjuration/Air              8
   f - Tornado                        Air                          9
Comestibles
 c - 5 bread rations
 d - 13 meat rations


   Skills:
 - Level 2.4 Dodging
 - Level 2.4 Stealth
 - Level 14.6 Spellcasting
 + Level 15.6 Conjurations
 * Level 17.3 Fire Magic
 * Level 11.5 Ice Magic
 + Level 2.1 Air Magic
 - Level 2.1 Invocations
 - Level 5.4 Evocations


You had 7 spell levels left.
You knew the following spells:

 Your Spells              Type           Power        Failure   Level  Hunger
a - Magic Dart            Conj           ####         0%          1    None
b - Searing Ray           Conj           ######       0%          2    None
c - Iskenderun's Mystic   Conj           #######.     1%          4    None
d - Fulminant Prism       Conj/Hex       ######....   1%          4    None
e - Fireball              Conj/Fire      #######...   1%          5    None
f - Bolt of Cold          Conj/Ice       #######...   1%          6    None
g - Freezing Cloud        Conj/Ice/Air   ######....   8%          6    None
h - Ignition              Fire           #######...   14%         8    None


Dungeon Overview and Level Annotations

Branches:
Dungeon (15/15)            Temple (1/1) D:4            Lair (5/6) D:10
 Shoals (0/4) Lair:2        Snake (1/4) Lair:3        Slime (0/5) Lair:5
    Orc (2/2) D:11         Vaults (0/5) D:13         Depths (0/5) D:15
    Elf: Orc:2

Altars:
Ashenzari
Cheibriados
Dithmenos
Elyvilon
Fedhas
Gozag
Hepliaklqana
Kikubaaqudgha
Makhleb
Nemelex Xobeh
Okawaru
Qazlal
Ru
Sif Muna
Trog
Uskayaw
Vehumet
Xom
Yredelemnul
Zin
The Shining One

Shops:
D:4 (   D:5 [?}=   D:8 !   D:11 ?   D:13 [   D:15 [

Annotations:
D:8 smot vozle magaza
Snake:1 Aizul


Innate Abilities, Weirdness & Mutations

Your flesh is heat resistant. (rF+)
You passively map a small area around you.


Message History

You see here a large rock.
As you read the scroll of fear, it crumbles to dust.
You assume a fearsome visage.
The stone giant looks frightened!
Casting: Magic Dart
Confirm with . or Enter, or press ? or * to list all spells.
Aiming: Fireball
Press: ? - help, Shift-Dir - straight line, f - stone giant
Aim: a stone giant (fleeing)
You miscast Fireball.
Sif Muna protects you from the effects of your miscast!
Casting: Fireball
Confirm with . or Enter, or press ? or * to list all spells.
Aiming: Fireball
Press: ? - help, Shift-Dir - straight line, p - stone giant The fireball explodes!
The fireball engulfs the stone giant.
The stone giant is lightly wounded.
Your attack snaps the stone giant out of its fear.
The stone giant throws a large rock.
The large rock hits you!!!
Ouch! That really hurt!
You die...

*** ## ## *
##.## ###.##
.#....####...C#
,
.......#....$##
,
*..............#
.........(...# ,
.......(..#.## ,
**
.....#.@.#...# ,
.......<.##.## *
..........###
..........#
,...........#
......#...## ,
......#....
...........#
..........##


You could see a stone giant.

Vanquished Creatures
  A stone giant (shapeshifter) (D:13)
  2 entropy weavers (Lair:4)
  Azrael (D:13)
  Josephine (D:12)
  A yaktaur captain (D:15)
  An ogre mage (D:13)
  8 hydras
  A catoblepas (Lair:4)
  2 centaur warriors
  A death knight (D:15)
  11 two-headed ogres
  A queen ant (Lair:4)
  The ghost of Kosschaser the Carver, a novice MfGl of Uskayaw (Lair:1)
  4 death yaks (Lair:3)
  A tengu warrior (D:13)
  Sonja (Lair:2)
  3 skeletal warriors (D:15)
  A wizard (D:14)
  An unseen horror (D:15)
  2 deep elf magi (D:15)
  3 orc knights
  The ghost of Zaque the Chiller, a novice NaIE (D:6)
  2 cyclopes
  5 oklob plants
  An orc sorcerer (D:15)
  7 ugly things
  4 manticores
  Maurice (D:12)
  4 spiny frogs
  2 gargoyles
  A yaktaur (D:15)
  2 rime drakes
  5 komodo dragons
  A tengu conjurer (D:15)
  5 trolls
  2 hornets
  2 polar bears
  Prince Ribbit (D:6)
  6 slime creatures
  9 hippogriffs
  17 blink frogs
  A meliai zombie (D:12)
  A spriggan (D:7)
  A shadow (D:12)
  7 wraiths
  2 wyverns
  81 yaks
  4 fire elementals (D:13)
  A steam dragon (D:10)
  A basilisk (Lair:4)
  2 hungry ghosts (D:7)
  2 wargs
  5 soldier ants (Lair:4)
  2 nagas (Lair:3)
  A hell hound (D:13)
  11 water moccasins
  3 sky beasts
  7 porcupines
  4 black bears
  17 orc warriors
  2 ice beasts
  3 necrophages
  10 ogres
  An eye of draining (D:12)
  11 centaurs
  9 wolves
  10 crocodiles
  4 big kobolds
  2 bullfrogs (shapeshifter) (D:14)
  2 gnoll sergeants (D:8)
  18 bullfrogs
  A wyvern zombie (D:8)
  3 wyvern skeletons
  2 scorpions
  8 killer bees
  13 wights
  3 electric eels
  4 howler monkeys
  14 crimson imps
  4 centaur zombies
  A quasit (D:7)
  16 hounds
  Crazy Yiuf (D:3)
  15 orc priests
  9 jellies
  28 orc wizards
  8 centaur skeletons
  Terence (D:3)
  3 iguanas
  17 worker ants
  A killer bee zombie (D:7)
  A hound zombie (D:8)
  A hound skeleton (D:9)
  9 mummies
  A worker ant zombie (D:11)
  14 gnolls
  9 adders
  2 shadow imps
  7 oozes
  A worm (D:2)
  A dart slug (D:2)
  5 leopard geckos
  90 orcs
  A ball python (D:4)
  9 bats
  7 giant cockroaches
  2 gnoll zombies (Ossuary)
  12 goblins
  8 hobgoblins
  2 jackals (D:8)
  30 kobolds
  4 quokkas
  9 frilled lizards
  2 hobgoblin zombies (Ossuary)
  3 kobold zombies (Ossuary)
  An orc zombie (Ossuary)
  8 rats
  A bush (Lair:4)
  A fulminant prism (Lair:1)
  2 fungi
  7 plants
753 creatures vanquished.

Vanquished Creatures (others)
  A bullfrog skeleton (D:13)
  45 fulminant prisms
  10 fungi
  18 plants
74 creatures vanquished.

Grand Total: 827 creatures vanquished

Notes
Turn   | Place    | Note
-------+----------+-------------------------------------------
     0 | D:1      | iamgrull the Deep Elf Conjurer began the quest for the Orb.
     0 | D:1      | Reached XP level 1. HP: 10/10 MP: 6/6
   272 | D:1      | Reached XP level 2. HP: 15/15 MP: 2/8
   876 | D:2      | Found a sacrificial altar of Ru.
  1010 | D:2      | Found a hazy altar of Hepliaklqana.
  1026 | D:2      | Reached XP level 3. HP: 19/19 MP: 8/10
  1105 | D:2      | Reached skill level 5 in Conjurations
  1544 | D:2      | Learned a level 2 spell: Searing Ray
  1586 | D:2      | Reached XP level 4. HP: 12/24 MP: 4/12
  1782 | D:2      | Reached skill level 5 in Spellcasting
  2018 | D:2      | Learned a level 4 spell: Iskenderun's Mystic Blast
  2023 | D:2      | Learned a level 4 spell: Fulminant Prism
  2107 | D:3      | Found a runed door.
  2144 | D:3      | Reached XP level 5. HP: 28/28 MP: 9/14
  2205 | D:3      | Noticed Terence
  2209 | D:3      | Killed Terence
  2478 | D:3      | Found a burning altar of Makhleb.
  2730 | D:3      | Noticed Crazy Yiuf
  2734 | D:3      | Killed Crazy Yiuf
  2901 | D:4      | Reached XP level 6. HP: 30/32 MP: 10/17
  3526 | D:4      | Found a staircase to the Ecumenical Temple.
  3532 | Temple   | Entered the Ecumenical Temple
  3554 | Temple   | Became a worshipper of Sif Muna the Loreminder
  3681 | D:4      | Reached XP level 7. HP: 36/36 MP: 5/19
  3799 | D:4      | Found Sainn's Antique Weapon Shoppe.
  4013 | D:5      | Entered Level 5 of the Dungeon
  4013 | D:5      | Found Emmy's Magic Scroll Boutique.
  4013 | D:5      | Found a sand-covered staircase.
  4014 | D:5      | Found a shattered altar of Ashenzari.
  4027 | D:5      | Bought a scroll of identify for 20 gold pieces
  4027 | D:5      | Bought a scroll of identify for 20 gold pieces
  4027 | D:5      | Bought a scroll of identify for 20 gold pieces
  4076 | Ossuary  | Entered an ossuary
  4261 | Ossuary  | Reached * piety under Sif Muna
  4659 | D:5      | Found Bine's Gadget Shop.
  4711 | D:5      | Found Siamp's Armour Boutique.
  4768 | D:5      | Bought a crystal ball of energy for 240 gold pieces
  4821 | D:5      | Found Coekav's Jewellery Boutique.
  4889 | D:5      | Found a blossoming altar of Fedhas.
  5121 | D:6      | Noticed Zaque's ghost (novice NaIE)
  5226 | D:6      | Killed Zaque's ghost
  5226 | D:6      | Reached XP level 8. HP: 41/41 MP: 2/23
  5384 | D:6      | Reached ** piety under Sif Muna
  5488 | D:6      | Noticed Prince Ribbit
  5492 | D:6      | Killed Prince Ribbit
  5689 | D:6      | Reached skill level 10 in Spellcasting
  5689 | D:6      | Reached skill level 10 in Conjurations
  5849 | D:6      | Reached XP level 9. HP: 45/45 MP: 21/25
  6573 | D:6      | Reached *** piety under Sif Muna
  7784 | D:7      | Reached skill level 5 in Evocations
  7964 | D:7      | Found a bloodstained altar of Trog.
  8386 | D:8      | Reached XP level 10. HP: 50/50 MP: 18/27
  8433 | D:8      | Found Weamihel's Distillery.
  8441 | D:8      | Bought a potion of magic for 112 gold pieces
  8509 | D:8      | Noticed a two-headed ogre
  8511 | D:8      | Reached **** piety under Sif Muna
  8709 | D:8      | Killed a two-headed ogre
  9962 | D:8      | Reached ***** piety under Sif Muna
 10324 | D:9      | Found a shimmering altar of Xom.
 10326 | D:9      | Found a white marble altar of Elyvilon.
 10326 | D:9      | Found a burning altar of Makhleb.
 10328 | D:9      | Found a shadowy altar of Dithmenos.
 10328 | D:9      | Found a sacrificial altar of Ru.
 10328 | D:9      | Found a hide-covered altar of Uskayaw.
 10404 | D:9      | Identified Sif Muna's Papyrus of Damage Dealing (Sif Muna gifted it to you on level 9 of the Dungeon)
 10404 | D:9      | Received a gift from Sif Muna
 10472 | D:9      | Learned a level 5 spell: Fireball
 10479 | D:9      | Learned a level 6 spell: Bolt of Cold
 10764 | D:9      | Reached skill level 1 in Fire Magic
 10880 | D:9      | Reached skill level 2 in Fire Magic
 11147 | D:9      | Reached skill level 3 in Fire Magic
 11162 | D:9      | Found a blossoming altar of Fedhas.
 11162 | D:9      | Found a basalt altar of Yredelemnul.
 11316 | D:10     | Entered Level 10 of the Dungeon
 11710 | D:8      | Reached skill level 4 in Fire Magic
 12233 | D:10     | Reached skill level 5 in Fire Magic
 12233 | D:10     | Reached XP level 11. HP: 54/54 MP: 0/29
 12550 | D:10     | Noticed a two-headed ogre
 12555 | D:10     | Killed a two-headed ogre
 12555 | D:10     | Reached skill level 6 in Fire Magic
 12693 | D:10     | Found a staircase to the Lair.
 13275 | Lair:1   | Entered Level 1 of the Lair of Beasts
 13283 | Lair:1   | Reached skill level 7 in Fire Magic
 13498 | Lair:1   | Reached skill level 8 in Fire Magic
 13636 | Lair:1   | Reached skill level 9 in Fire Magic
 13922 | Lair:1   | Noticed Kosschaser's ghost (novice MfGl)
 13975 | Lair:1   | Killed Kosschaser's ghost
 13975 | Lair:1   | Reached skill level 1 in Ice Magic
 14427 | Lair:1   | Received a gift from Sif Muna
 14632 | Lair:1   | Reached skill level 10 in Fire Magic
 14899 | Lair:2   | Noticed Sonja
 14905 | Lair:2   | Noticed an eight-headed hydra
 14911 | Lair:2   | Killed an eight-headed hydra
 15191 | Lair:2   | Reached skill level 11 in Fire Magic
 15206 | Lair:2   | Reached XP level 12. HP: 36/59 MP: 0/30
 15379 | Lair:2   | Got a flickering glass ring
 15491 | Lair:1   | Identified the ring "Utresch" {rElec MP+9 AC+3 Str+6 Int-2} (You found it on level 2 of the Lair of Beasts)
 15516 | Lair:2   | Killed Sonja
 16188 | Lair:2   | Reached skill level 1 in Invocations
 16569 | Lair:2   | Reached skill level 5 in Ice Magic
 16584 | Lair:2   | Reached skill level 12 in Fire Magic
 16701 | Lair:2   | Found a staircase to the Shoals.
 17028 | Lair:3   | Noticed an eight-headed hydra
 17033 | Lair:3   | Killed an eight-headed hydra
 17213 | Lair:3   | Identified Sif Muna's Catalogue of Clay and Dislocation (Sif Muna gifted it to you on level 3 of the Lair of Beasts)
 17213 | Lair:3   | Received a gift from Sif Muna
 17265 | Lair:3   | Noticed a death yak
 17272 | Lair:3   | Noticed a death yak
 17273 | Lair:3   | Noticed a death yak
 17287 | Lair:3   | Noticed a death yak
 17306 | Lair:2   | Noticed a six-headed hydra
 17315 | Lair:2   | Killed a six-headed hydra
 17525 | Lair:3   | Reached skill level 13 in Fire Magic
 17663 | Lair:3   | Found a staircase to the Snake Pit.
 17709 | Snake:1  | Entered Level 1 of the Snake Pit
 17709 | Snake:1  | Noticed Aizul
 18246 | Lair:3   | Killed a death yak
 18246 | Lair:3   | Killed a death yak
 18266 | Lair:3   | Killed a death yak
 18266 | Lair:3   | Reached XP level 13. HP: 63/63 MP: 2/32
 18994 | Lair:3   | Found a staircase to the Snake Pit.
 20045 | Lair:4   | Reached skill level 14 in Fire Magic
 20762 | Lair:4   | Noticed an entropy weaver
 20774 | Lair:4   | Killed an entropy weaver
 20774 | Lair:4   | Identified Sif Muna's Guide on Flamy Unholy Rites (Sif Muna gifted it to you on level 4 of the Lair of Beasts)
 20774 | Lair:4   | Received a gift from Sif Muna
 21042 | Lair:4   | Learned a level 9 spell: Fire Storm
 21096 | Lair:4   | Noticed an entropy weaver
 21101 | Lair:4   | Killed an entropy weaver
 23180 | Lair:5   | Reached skill level 15 in Fire Magic
 24006 | Lair:5   | Found a staircase to the Slime Pits.
 24554 | D:11     | Reached XP level 14. HP: 68/68 MP: 16/34
 24854 | D:11     | Identified Sif Muna's Reference Book on the Excruciating Blaze (Sif Muna gifted it to you on level 11 of the Dungeon)
 24854 | D:11     | Received a gift from Sif Muna
 24867 | D:11     | Learned a level 8 spell: Ignition
 25087 | D:11     | Found a staircase to the Orcish Mines.
 25518 | D:11     | Gained mutation: You passively map a small area around you. [mutagenic meat]
 25639 | D:11     | Found Kostras's Magic Scroll Shop.
 25643 | D:11     | Bought a scroll of identify for 36 gold pieces
 25643 | D:11     | Bought a scroll of identify for 36 gold pieces
 25643 | D:11     | Bought a scroll of identify for 36 gold pieces
 26357 | D:12     | Noticed Josephine
 26955 | D:12     | Reached ****** piety under Sif Muna
 27339 | D:12     | Reached skill level 16 in Fire Magic
 27358 | D:12     | Killed Josephine
 27560 | D:12     | Noticed Maurice
 27561 | D:12     | Killed Maurice
 27914 | D:12     | Identified Sif Muna's Disquisition on Icy Flight (Sif Muna gifted it to you on level 12 of the Dungeon)
 27914 | D:12     | Received a gift from Sif Muna
 28336 | D:13     | Gained mutation: Your flesh is heat resistant. (rF+) [mutagenic meat]
 28638 | D:13     | Found Nufulaz's Antique Armour Shop.
 28646 | D:13     | Bought a shimmering robe for 153 gold pieces
 28656 | D:13     | Identified the +0 robe "Xunenein" {rF+ rC+ Str+3} (You bought it in a shop on level 13 of the Dungeon)
 29106 | D:13     | Reached skill level 15 in Conjurations
 29200 | D:13     | Noticed Azrael
 29206 | D:13     | Killed Azrael
 29206 | D:13     | Reached skill level 10 in Ice Magic
 29540 | D:13     | Found a gate to the Vaults.
 29546 | D:13     | Noticed a stone giant
 29551 | D:13     | Killed a stone giant
 31200 | D:15     | Entered Level 15 of the Dungeon
 31200 | D:15     | Found a snail-covered altar of Cheibriados.
 31200 | D:15     | Found Jiffurik's Antique Armour Boutique.
 31293 | D:15     | Reached skill level 17 in Fire Magic
 31654 | D:8      | Learned a level 6 spell: Freezing Cloud
 31880 | D:15     | Reached XP level 15. HP: 58/72 MP: 0/35
 32041 | D:15     | Identified Sif Muna's Tome of Lightness (Sif Muna gifted it to you on level 15 of the Dungeon)
 32041 | D:15     | Received a gift from Sif Muna
 32717 | D:15     | Got a bronze chain mail
 32933 | D:14     | Identified the cursed +1 chain mail of Follow the Leader {rF+ rC+ Dex+4} (You found it on level 15 of the Dungeon)
 33313 | D:15     | Reached skill level 1 in Air Magic
 33763 | D:15     | Found a staircase to the Depths.
 34265 | Orc:1    | Entered Level 1 of the Orcish Mines
 35617 | Orc:2    | Entered Level 2 of the Orcish Mines
 35627 | Orc:2    | Hit by a large rock thrown by a stone giant

Skill      XL: |  1  2  3  4  5  6  7  8  9 10 11 12 13 14 15 |
---------------+----------------------------------------------+-----
Spellcasting   | 4 5 6 7 9 10 11 12 13 14 | 14.6
Conjurations   | 5 6 7 9 10 11 13 14 15 | 15.6
Evocations     | 2 3 5 |  5.4
Fire Magic     | 5 11 13 15 17 | 17.3
Ice Magic      | 4 7 9 10 11 | 11.5
Invocations    | 2 |  2.1
Air Magic      | 2 |  2.1
Dodging        | |  2.4
Stealth        | |  2.4

Action                   |  1- 3 |  4- 6 |  7- 9 | 10-12 | 13-15 || total
-------------------------+-------+-------+-------+-------+-------++-------
Melee: Unarmed           |       |       |    17 |       |       ||    17
       Staff             |       |       |       |     2 |     7 ||     9
 Cast: Magic Dart        |    74 |    70 |   114 |   133 |   156 ||   547
       Searing Ray       |     3 |    10 |     2 |       |     1 ||    16
       Iskenderun's Myst |       |     7 |    91 |   153 |   158 ||   409
       Fulminant Prism   |       |     3 |    11 |    20 |    12 ||    46
       Bolt of Cold      |       |       |       |    29 |   124 ||   153
       Fireball          |       |       |       |   101 |   181 ||   282
       Ignition          |       |       |       |       |    34 ||    34
       Freezing Cloud    |       |       |       |       |     1 ||     1
Invok: Divine Energy     |       |       |     4 |       |       ||     4
       Stop Divine Energ |       |       |     3 |       |       ||     3
       Forget Spell      |       |       |       |       |     1 ||     1
Evoke: Wand              |       |       |     1 |     4 |     6 ||    11
       Crystal ball of e |       |       |     7 |       |       ||     7
  Use: Scroll            |     3 |     2 |     9 |     4 |    14 ||    32
       Potion            |       |       |     1 |       |     1 ||     2
  Eat: Chunk             |     2 |     7 |     6 |    18 |    50 ||    83
       Bread ration      |       |       |     2 |     3 |     6 ||    11
       Meat ration       |       |       |       |     1 |       ||     1
Armor: Robe              |     9 |    10 |     8 |     5 |       ||    32
       Skin              |       |     2 |     6 |       |       ||     8
       Troll leather arm |       |       |       |    19 |    66 ||    85
Dodge: Dodged            |    12 |    22 |     9 |    41 |    59 ||   143
